 Dungeon Crawl Stone Soup version 0.18.1-50-g88ac8fd (webtiles) character file.

244308 KarmaPolice the Maledictor (level 18, -1/134 HPs)
             Began as a Vampire Enchanter on Sept 21, 2016.
             Was a High Priest of Dithmenos.
             Shot with an arrow by a deep elf archer (2 damage)
             ... on level 2 of the Elven Halls on Sept 23, 2016.
             The game lasted 06:53:04 (62978 turns).

KarmaPolice the Maledictor (Vampire Enchanter)     Turns: 62978, Time: 06:53:05

Health: -1/134     AC:  7    Str:  8    XL:     18   Next: 73%
Magic:  29/45      EV: 24    Int: 20    God:    Dithmenos [*****.]
Gold:   524        SH:  0    Dex: 19    Spells: 11 memorised, 5 levels left

rFire  + + +     SeeInvis +     a - +9 quick blade (elec)
rCold  + . .     Gourm    .     S - +0 leather armour "Pago" {+Fly rF++ MP+9}
rNeg   + + .     Faith    .     (no shield)
rPois  +         Spirit   .     (no helmet)
rElec  .         Dismiss  .     D - +0 cloak {MR+}
rCorr  .         Reflect  .     c - +2 pair of gloves of the Gravedigger {rPois}
SustAt .         Harm     .     (no boots)
MR     ++...                    n - amulet "Tott" {+Rage rPois rN+ Slay+2}
Stlth  +++++++++.               k - ring of protection from fire
                                r - ring of protection from cold

@: very slightly contaminated, wreathed by umbra, very resistant to hostile
enchantments, incredibly stealthy
A: fangs 3, see invisible, unbreathing
a: Bat Form, Shadow Step, Shadow Form, Renounce Religion, Evoke Berserk Rage,
Evoke Flight
}: 2/15 runes: barnacled, gossamer


You were on level 2 of the Elven Halls.
You worshipped Dithmenos.
Dithmenos was extremely pleased with you.
You were not thirsty.

You visited 9 branches of the dungeon, and saw 39 of its levels.

You collected 3272 gold pieces.
You spent 2748 gold pieces at shops.

Inventory:

Hand Weapons
 a - a +9 quick blade of electrocution (weapon)
Armour
 c - the +2 pair of gloves of the Gravedigger (worn) {rPois}
   (You found it on level 8 of the Lair of Beasts)

   It protects you from poison.
 p - the +0 cloak of the Gravedigger {rPois rCorr Int+3 Dex+4}
   (You bought it in a shop on level 1 of the Orcish Mines)

   It affects your intelligence (+3).
   It affects your dexterity (+4).
   It protects you from poison.
   It protects you from acid and corrosion.
 D - a +0 cloak of magic resistance (worn)
 P - a +3 leather armour of magic resistance
 S - the +0 leather armour "Pago" (worn) {+Fly rF++ MP+9}
   (You found it on level 6 of the Lair of Beasts)

   It greatly protects you from fire.
   It affects your magic capacity (+9).
   It lets you fly.
Jewellery
 e - an uncursed amulet of dismissal
 j - an uncursed ring of sustain attributes
 k - a ring of protection from fire (right hand)
 n - the amulet "Tott" (around neck) {+Rage rPois rN+ Slay+2}
   (You bought it in a shop on level 8 of the Dungeon)

   [amulet of rage]

   It affects your accuracy and damage with ranged weapons and melee attacks
   (+2).
   It protects you from poison.
   It protects you from negative energy.
   It lets you go berserk.
 r - a ring of protection from cold (left hand)
 x - an uncursed amulet of magic regeneration
 N - an uncursed ring of resist corrosion
 X - an uncursed ring of poison resistance {unknown}
 Z - a +4 amulet of reflection
Wands
 u - a wand of digging (6/24)
Scrolls
 b - 7 scrolls of magic mapping
 i - 3 scrolls of teleportation
 m - 10 scrolls of enchant armour
 o - 11 scrolls of remove curse
 q - 9 scrolls of recharging
 v - 2 scrolls of blinking
 z - a scroll of torment
 A - a scroll of random uselessness
 C - a scroll of summoning
 G - 3 scrolls of fear
 H - a scroll of amnesia
 L - a scroll of brand weapon
 R - a scroll of fog
 Y - 3 scrolls of enchant weapon
Potions
 f - 9 potions of curing
 g - 2 potions of ambrosia
 h - a potion of magic
 l - 8 potions of agility
 s - 2 potions of resistance
 t - 8 potions of might
 B - a potion of cure mutation
 E - a potion of experience
 F - 4 potions of haste
 I - 4 potions of heal wounds {unknown}
 K - 7 potions of brilliance {unknown}
 M - 5 potions of cancellation {unknown}
 O - a potion of mutation {unknown}
 Q - 5 potions of invisibility {unknown}
 T - a potion of beneficial mutation {unknown}
 U - 5 potions of degeneration {unknown}
 W - 4 potions of blood
Books
 w - a book of Burglary

   Spells                             Type                      Level
   a - Swiftness                      Charms/Air                   2
   b - Passwall                       Transmutation/Earth          2
   c - Passage of Golubria            Translocation                4
   d - Lee's Rapid Deconstruction     Earth                        5
   e - Darkness                       Hexes                        6
   f - Invisibility                   Hexes                        6
 J - a book of Unlife

   Spells                             Type                      Level
   a - Recall                         Summoning/Translocation      3
   b - Animate Dead                   Necromancy                   4
   c - Control Undead                 Necromancy                   4
   d - Cigotuvi's Embrace             Necromancy                   5
   e - Death Channel                  Necromancy                   6
   f - Simulacrum                     Ice/Necromancy               6
 V - a book of Callings

   Spells                             Type                      Level
   a - Summon Small Mammal            Summoning                    1
   b - Call Imp                       Summoning                    2
   c - Call Canine Familiar           Summoning                    3
   d - Summon Guardian Golem          Hexes/Summoning              3
   e - Summon Lightning Spire         Summoning/Air                4
   f - Summon Ice Beast               Ice/Summoning                4
Miscellaneous
 d - a crystal ball of energy


   Skills:
 - Level 10.0 Fighting
 - Level 10.2 Short Blades
 * Level 15.2 Dodging
 - Level 10.9 Stealth
 - Level 14.5 Spellcasting
 + Level 22.4 Hexes
 - Level 10.1 Necromancy
 - Level 9.3 Ice Magic
 - Level 8.2 Invocations


You had 5 spell levels left.
You knew the following spells:

 Your Spells              Type           Power        Failure   Level  Hunger
a - Corona                Hex            #######      0%          1    None
b - Ensorcelled Hibernat  Hex/Ice        ######       0%          2    None
c - Confuse               Hex            #######.     0%          3    None
d - Tukima's Dance        Hex            #######.     0%          3    None
e - Darkness              Hex            #######...   1%          6    #####..
f - Cause Fear            Hex            #######...   0%          4    None
g - Animate Dead          Necr           N/A          1%          4    None
h - Control Undead        Necr           ######....   1%          4    None
i - Invisibility          Hex            #######.     1%          6    #####..
j - Slow                  Hex            #######.     0%          2    None
k - Death Channel         Necr           ######....   17%         6    #####..


Dungeon Overview and Level Annotations

Branches:
Dungeon (15/15)            Temple (0/1) D:7            Lair (8/8) D:10
 Shoals (4/4) Lair:5       Spider (4/4) Lair:6        Slime (1/6) Lair:8
    Orc (2/2) D:10            Elf (2/3) Orc:2        Vaults (1/5) D:13
 Depths (2/5) D:15

Altars:
Ashenzari
Dithmenos
Gozag
Kikubaaqudgha
Makhleb
Nemelex Xobeh
Ru
Sif Muna
Trog
Zin
Beogh

Shops:
D:5 %   D:8 =   D:12 *   Orc:1 [   Orc:2 :*[(   Elf:2 ?   Shoals:1 [
Shoals:3 =?([   Depths:1 [

Annotations:
Shoals:2 exclusion: Roxanne, Roxanne
Shoals:4 Ilsuiw; baghtru's ghost, adept HOFi


Innate Abilities, Weirdness & Mutations

You have razor-sharp teeth.
You have supernaturally acute eyesight.
You can survive without breathing.


Message History

Read which item? (? for menu, Esc to quit)
As you read the scroll of fear, it crumbles to dust.
You assume a fearsome visage.
The deep elf archer easily resists.
The deep elf mage looks frightened!
The sixfirhy is unaffected.
The demonic crawler is unaffected.
The deep elf mage gestures wildly while chanting.
The deep elf mage blinks!
The demonic crawler barely misses you. The demonic crawler misses you.
The demonic crawler hits you but does no damage.
The deep elf archer shoots an arrow.
The arrow hits you!
* * * LOW HITPOINT WARNING * * *
Read which item? (? for menu, Esc to quit)
Blink to where?
Press: ? - help, Dir - move target cursor, p - deep elf archer You are very lightly contaminated with residual magic.
As you read the scroll of blinking, it crumbles to dust.
The deep elf archer shoots an arrow.
The arrow hits you!!
* * * LOW HITPOINT WARNING * * *
The arrow burns you.
You die...

...####ยง# ######### ..
#.# / #e### #.).# # #.4(#
## ##### #.)s# ##. #...#
#####...#######..
###.######.....[e.........
#........@.......(...###..
#.#.######...........# ##.
#.#.# ###...).######### ##
#####.#.# ##....# #......
.# #.......## ##...#
#.##### .# ##.......#
#...# #.##... .# #.......#
#.### #.##.## .# #.......#
##'## #...... .#
#.......#### ##...##
####.##


You could see a demonic crawler and a deep elf archer.

Vanquished Creatures
  Arachne (Spider:4)
  The ghost of RepoMan the Scorcher, an adept DgFE (Elf:2)
  The ghost of veneficus the Peltast, a journeyman DDFi of Makhleb (Elf:1)
  A frost giant (D:15)
  5 ghost moths
  7 emperor scorpions (Spider:4)
  A balrug (Depths:1)
  2 orc warlords
  The ghost of RepoMan the Scorcher, a journeyman DgFE (D:13)
  3 very ugly things (Depths:1)
  3 spark wasps
  A fire dragon (Lair:8)
  Snorg (D:14)
  3 merfolk impalers
  A vault guard (D:13)
  5 entropy weavers
  A catoblepas (Lair:8)
  A great orb of eyes (Depths:1)
  An ice dragon (Depths:1)
  8 hydras
  A rakshasa (Depths:1)
  3 centaur warriors
  A merfolk aquamancer (Shoals:3)
  A satyr (Shoals:4)
  2 deep troll earth magi (Depths:1)
  Urug (Lair:4)
  A queen ant (Spider:2)
  2 deep troll shamans (D:15)
  5 deep elf knights
  Nergalle (D:10)
  3 hell knights (Depths:1)
  4 skeletal warriors
  3 deep trolls (Depths:1)
  An unseen horror (D:13)
  10 sea snakes
  A hill giant (D:15)
  12 harpies
  3 deep elf archers
  A wizard (D:13)
  16 orb spiders
  5 orc sorcerers
  2 ugly things
  34 wolf spiders
  4 orc knights
  7 cyclopes
  22 deep elf magi
  6 griffons
  25 fauns
  6 manticores
  5 hornets
  11 elephants
  9 sirens
  6 water nymphs
  3 black mambas
  2 torpor snails
  3 gargoyles
  2 centaur skeletons (D:12)
  7 spiny frogs
  5 yaktaurs (D:15)
  A rime drake (shapeshifter) (Elf:1)
  7 rime drakes
  The ghost of Tagedieb the Vexing, a novice OpEn of Dithmenos (D:5)
  15 demonic crawlers
  11 komodo dragons
  16 merfolk
  12 polar bears
  7 trolls
  49 jumping spiders
  4 raiju (Lair:8)
  17 slime creatures
  6 blink frogs
  A harpy skeleton (D:15)
  A two-headed ogre (D:11)
  10 snapping turtles
  A boulder beetle (Spider:3)
  8 dancing weapons
  3 wind drakes
  2 air elementals (Elf:1)
  27 tarantellas
  A vampire (D:15)
  56 redbacks
  5 water elementals
  A golden eye (shapeshifter) (D:13)
  A fire elemental (Elf:2)
  74 yaks
  7 basilisks
  20 hippogriffs
  3 steam dragons
  2 vampire mosquitoes (D:13)
  4 hungry ghosts
  11 swamp worms (Spider:3)
  8 wargs
  2 mottled dragons (Lair:8)
  27 soldier ants
  10 water moccasins
  8 hell hounds
  Duvessa (D:6)
  A swamp drake (Lair:8)
  38 orc warriors
  11 porcupines
  6 ice beasts
  A sky beast (D:15)
  7 necrophages
  17 black bears
  6 wasps (Spider:4)
  A phantom (D:8)
  13 ogres
  25 wolves
  3 boggarts (D:12)
  8 centaurs
  4 big kobolds
  19 crocodiles
  16 giant frogs
  A wyvern zombie (D:7)
  An earth elemental (Elf:1)
  Dowan (D:6)
  5 scorpions
  2 electric eels (Lair:5)
  16 howler monkeys
  6 crimson imps
  A giant frog zombie (D:11)
  3 centaur zombies
  2 wasp zombies
  15 jellies
  A quasit (D:14)
  23 hounds
  A gnoll shaman (D:5)
  2 giant frog skeletons
  20 orc priests
  30 orc wizards
  7 iguanas
  31 worker ants
  Natasha (thrice) (D:3)
  2 hell rats (Lair:7)
  A killer bee zombie (D:7)
  13 sheep
  A hound zombie (D:6)
  A worker ant zombie (D:6)
  10 gnolls
  15 adders
  35 river rats
  6 shadow imps
  3 oozes
  An adder zombie (D:7)
  11 worms
  6 dart slugs
  2 giant geckos
  113 orcs
  2 ball pythons
  3 bats
  10 giant cockroaches
  5 goblins
  7 hobgoblins
  18 jackals
  6 quokkas
  A giant gecko skeleton (D:4)
  3 giant newts
  15 kobolds
  8 rats
  5 fungi
  A plant (Depths:1)
1375 creatures vanquished.

Vanquished Creatures (collateral kills)
  Agnes (Elf:1)
  Louise (Shoals:4)
  A deep elf demonologist (Elf:1)
  2 merfolk javelineers (Shoals:4)
  4 merfolk impalers
  A deep elf high priest (Elf:1)
  3 merfolk aquamancers
  A tengu warrior (D:15)
  3 orc high priests (Orc:2)
  4 deep elf knights (Elf:1)
  A skeletal warrior (D:15)
  2 hill giants
  A deep elf mage (Elf:1)
  2 orc sorcerers
  A faun (Shoals:4)
  3 sirens
  2 tengu conjurers (D:13)
  A troll (D:15)
  5 merfolk
  A two-headed ogre (D:15)
  7 orc warriors
  3 ogres
  An orc wizard (Orc:2)
  3 worker ants (Spider:2)
  6 orcs
60 creatures vanquished.

Vanquished Creatures (others)
  10 dancing weapons
  2 orc wizards (Orc:2)
  2 sheep (Lair:8)
  28 fungi
  60 plants
102 creatures vanquished.

Grand Total: 1537 creatures vanquished

Notes
Turn   | Place    | Note
--------------------------------------------------------------
     0 | D:1      | KarmaPolice the Vampire Enchanter began the quest for the Orb.
     0 | D:1      | Reached XP level 1. HP: 13/13 MP: 3/3
   178 | D:1      | Reached XP level 2. HP: 13/19 MP: 3/5
   182 | D:1      | Learned a level 2 spell: Ensorcelled Hibernation
   399 | D:1      | Reached skill level 5 in Hexes
   701 | D:1      | Reached XP level 3. HP: 17/24 MP: 3/6
  1012 | D:2      | Reached skill level 5 in Stealth
  1194 | D:2      | Found a shadowy altar of Dithmenos.
  1211 | D:2      | Became a worshipper of Dithmenos the Shadowed
  1371 | D:2      | Found an ancient bone altar of Kikubaaqudgha.
  1382 | D:2      | Reached XP level 4. HP: 29/30 MP: 5/7
  1388 | D:2      | Learned a level 3 spell: Confuse
  1445 | D:2      | Found a shattered altar of Ashenzari.
  1817 | D:3      | Noticed Natasha
  1821 | D:3      | Killed Natasha
  1821 | D:3      | Reached skill level 1 in Ice Magic
  1880 | D:3      | You fall through a shaft for 3 floors!
  1900 | D:6      | Noticed Dowan
  1933 | D:6      | Noticed an ogre
  2077 | D:6      | Noticed a giant frog
  2108 | D:6      | Reached XP level 5. HP: 35/35 MP: 6/9
  2121 | D:5      | Entered Level 5 of the Dungeon
  2179 | D:6      | Noticed a troll
  2306 | D:5      | Noticed a centaur
  2326 | D:4      | Killed a centaur
  2326 | D:4      | Reached skill level 6 in Hexes
  2326 | D:4      | Reached XP level 6. HP: 19/41 MP: 0/10
  2485 | D:3      | Noticed Natasha
  2767 | D:3      | Killed Natasha
  3019 | D:3      | Reached * piety under Dithmenos
  3208 | D:3      | Noticed Natasha
  3210 | D:3      | Killed Natasha
  3751 | D:4      | Found a deep blue altar of Sif Muna.
  3753 | D:4      | Found a burning altar of Makhleb.
  3753 | D:4      | Found a sacrificial altar of Ru.
  3767 | D:4      | Found an opulent altar of Gozag.
  4077 | D:4      | Reached XP level 7. HP: 46/46 MP: 12/12
  4106 | D:4      | Learned a level 3 spell: Tukima's Dance
  4176 | D:5      | Found Zuru's Food Shop.
  4263 | D:4      | Reached skill level 1 in Invocations
  4292 | D:5      | Noticed Tagedieb's ghost (novice OpEn)
  4690 | D:5      | Reached skill level 7 in Hexes
  4839 | D:5      | Killed Tagedieb's ghost
  4839 | D:5      | Reached XP level 8. HP: 44/52 MP: 10/14
  5132 | D:5      | Reached ** piety under Dithmenos
  5422 | D:6      | Got an ichor-stained leather armour
  5694 | D:6      | Found a bloodstained altar of Trog.
  5769 | D:6      | Noticed Duvessa
  5774 | D:6      | Killed Duvessa
  5774 | D:6      | Reached skill level 8 in Hexes
  5780 | D:6      | Killed Dowan
  5780 | D:6      | Reached skill level 9 in Hexes
  6258 | D:7      | Found a staircase to the Ecumenical Temple.
  6263 | D:7      | Reached skill level 5 in Spellcasting
  6352 | D:7      | Reached XP level 9. HP: 57/57 MP: 16/16
  6368 | D:7      | Found a glowing silver altar of Zin.
  6673 | D:8      | Reached skill level 5 in Ice Magic
  6680 | D:8      | Reached skill level 10 in Hexes
  6955 | D:8      | Found Uwnigeck's Jewellery Boutique.
  7247 | D:8      | Reached *** piety under Dithmenos
  7529 | D:8      | Reached skill level 10 in Stealth
  8166 | D:8      | Reached XP level 10. HP: 54/63 MP: 19/19
  8281 | D:8      | Reached skill level 11 in Hexes
  8344 | D:8      | Identified the cursed +1 leather armour "Hazene" {rC+} (You found it on level 6 of the Dungeon)
  8612 | D:9      | Reached **** piety under Dithmenos
  9054 | D:9      | Reached skill level 12 in Hexes
  9422 | D:10     | Entered Level 10 of the Dungeon
  9439 | D:10     | Found a staircase to the Orcish Mines.
  9613 | D:10     | Reached skill level 1 in Fighting
  9613 | D:10     | Reached XP level 11. HP: 70/70 MP: 23/23
  9677 | D:10     | Found a staircase to the Lair.
 10002 | D:10     | Noticed Nergalle
 10038 | D:10     | Reached ***** piety under Dithmenos
 10445 | D:10     | Killed Nergalle
 10445 | D:10     | Reached skill level 13 in Hexes
 11650 | Lair:1   | Entered Level 1 of the Lair of Beasts
 11668 | Lair:1   | Found a dark tunnel.
 11718 | Lair:1   | Learned a level 6 spell: Darkness
 11888 | Lair:1   | Reached skill level 5 in Fighting
 12215 | Lair:1   | Noticed a seven-headed hydra
 12218 | Lair:1   | Reached skill level 14 in Hexes
 12272 | Lair:1   | Killed a seven-headed hydra
 12545 | Lair:2   | Reached XP level 12. HP: 69/89 MP: 14/24
 13288 | Lair:3   | Noticed a four-headed hydra
 13590 | Lair:3   | Killed a four-headed hydra
 14149 | Lair:3   | Reached skill level 5 in Dodging
 14349 | Lair:3   | Reached skill level 5 in Short Blades
 14503 | Lair:4   | Noticed Urug
 14674 | Lair:4   | Killed Urug
 14674 | Lair:4   | Reached skill level 15 in Hexes
 15010 | Lair:4   | Noticed an eight-headed hydra
 15028 | Lair:4   | Killed an eight-headed hydra
 15451 | Lair:4   | Noticed a catoblepas
 15813 | Lair:5   | Found a staircase to the Shoals.
 15830 | Lair:5   | Reached XP level 13. HP: 98/98 MP: 20/26
 16830 | Lair:6   | Got a heavily runed leather armour
 16851 | Lair:6   | Found a hole to the Spider Nest.
 17320 | Lair:6   | Reached skill level 16 in Hexes
 18207 | Lair:7   | Learned a level 4 spell: Cause Fear
 18390 | Lair:7   | Identified the cursed +0 leather armour "Pago" {+Fly rF++ MP+9} (You found it on level 6 of the Lair of Beasts)
 18711 | Lair:7   | Reached skill level 10 in Spellcasting
 19578 | Lair:7   | Reached ****** piety under Dithmenos
 20174 | Lair:8   | Entered Level 8 of the Lair of Beasts
 20183 | Lair:8   | Found a staircase to the Slime Pits.
 20466 | Lair:8   | Got a pair of distressingly furry gloves
 20478 | Lair:8   | Identified the +2 pair of gloves of the Gravedigger {rPois} (You found it on level 8 of the Lair of Beasts)
 21276 | Lair:8   | Noticed a fire dragon
 21879 | Lair:8   | Noticed an acid blob
 21930 | Lair:7   | Reached XP level 14. HP: 101/108 MP: 19/28
 22376 | Lair:8   | Reached skill level 17 in Hexes
 23916 | Orc:1    | Entered Level 1 of the Orcish Mines
 24036 | D:8      | Bought the amulet "Tott" {+Rage rPois rN+ Slay+2} for 765 gold pieces
 24238 | Orc:1    | Found Ampuxtihe's Antique Armour Shoppe.
 24260 | Orc:1    | Bought an ancient cloak for 266 gold pieces
 24270 | Orc:1    | Identified the cursed +0 cloak of the Gravedigger {rPois rCorr Int+3 Dex+4} (You bought it in a shop on level 1 of the Orcish Mines)
 24274 | Orc:1    | Found a roughly hewn altar of Beogh.
 24382 | Orc:1    | Noticed an orc warlord
 24665 | Orc:1    | Killed an orc warlord
 25059 | Orc:2    | Entered Level 2 of the Orcish Mines
 25060 | Orc:2    | Found a bloodstained altar of Trog.
 25145 | Orc:2    | Found a staircase to the Elven Halls.
 25286 | Orc:2    | Reached skill level 10 in Dodging
 26298 | Orc:2    | Noticed an orc warlord
 26529 | Orc:2    | Killed an orc warlord
 26621 | Orc:2    | Reached skill level 10 in Fighting
 27028 | Orc:2    | Reached skill level 5 in Invocations
 27080 | Orc:2    | Found Muweutru's General Store.
 27081 | Orc:2    | Found Utubuwud's Book Emporium.
 27083 | Orc:2    | Found Muedetos's Antique Armour Emporium.
 27083 | Orc:2    | Found Goynam's Antique Weapon Shoppe.
 27097 | Orc:2    | Bought a scroll of enchant weapon for 90 gold pieces
 27097 | Orc:2    | Bought a scroll of blinking for 90 gold pieces
 27247 | Orc:2    | Bought a runed quick blade for 525 gold pieces
 28212 | D:12     | Reached skill level 18 in Hexes
 28230 | D:12     | Found Tedel's General Store.
 29630 | D:13     | Noticed RepoMan's ghost (journeyman DgFE)
 29679 | D:13     | Killed RepoMan's ghost
 29679 | D:13     | Reached XP level 15. HP: 74/115 MP: 9/30
 30159 | D:13     | Found a gate to the Vaults.
 30597 | D:14     | Noticed Snorg
 30607 | D:14     | Killed Snorg
 30983 | D:15     | Entered Level 15 of the Dungeon
 31738 | Shoals:1 | Entered Level 1 of the Shoals
 31738 | Shoals:1 | Found Deumep's Armour Emporium.
 31766 | Shoals:1 | Bought a +0 cloak of magic resistance for 184 gold pieces
 32872 | Shoals:1 | Reached skill level 19 in Hexes
 35072 | Shoals:3 | Found Diose's Antique Armour Shop.
 35078 | Shoals:4 | Entered Level 4 of the Shoals
 35078 | Shoals:4 | Noticed Louise
 35088 | Shoals:4 | Killed Louise
 35717 | Shoals:2 | Noticed Roxanne
 36077 | Shoals:3 | Found Puesina's Weapon Shoppe.
 36359 | Shoals:3 | Found Xynnigh's Jewellery Shop.
 36732 | Shoals:3 | Bought a cursed -3 ring of protection for 26 gold pieces
 36732 | Shoals:3 | Bought a cursed amulet of inaccuracy for 26 gold pieces
 36732 | Shoals:3 | Bought a cursed -3 ring of strength for 26 gold pieces
 36942 | Shoals:3 | Found Epifuana's Magic Scroll Emporium.
 36957 | Shoals:3 | Bought a scroll of brand weapon for 360 gold pieces
 37297 | Shoals:4 | Reached XP level 16. HP: 122/122 MP: 19/32
 37471 | Shoals:4 | Noticed baghtru's ghost (adept HOFi)
 39011 | Shoals:4 | Got a barnacled rune of Zot
 40248 | Shoals:4 | Noticed Ilsuiw
 40650 | Shoals:4 | Reached skill level 20 in Hexes
 41392 | Spider:1 | Entered Level 1 of the Spider Nest
 41533 | Spider:1 | Reached skill level 10 in Short Blades
 44050 | D:15     | Found a staircase to the Depths.
 44698 | Elf:1    | Entered Level 1 of the Elven Halls
 45426 | Elf:1    | Learned a level 4 spell: Animate Dead
 45431 | Elf:1    | Learned a level 4 spell: Control Undead
 45794 | Elf:1    | Noticed Agnes
 45799 | Elf:1    | Killed Agnes
 45799 | Elf:1    | Reached skill level 1 in Necromancy
 46674 | Elf:1    | Noticed veneficus's ghost (journeyman DDFi)
 46780 | Elf:1    | Killed veneficus's ghost
 47033 | Elf:1    | Reached XP level 17. HP: 113/128 MP: 29/35
 48257 | Spider:1 | Reached skill level 5 in Necromancy
 50853 | Spider:4 | Entered Level 4 of the Spider Nest
 50883 | Spider:3 | Reached skill level 21 in Hexes
 51934 | Lair:1   | Learned a level 6 spell: Invisibility
 51937 | Lair:1   | Learned a level 2 spell: Slow
 52123 | D:12     | Bought a scroll of identify for 36 gold pieces
 52340 | Vaults:1 | Entered Level 1 of the Vaults
 52705 | Depths:1 | Entered Level 1 of the Depths
 52832 | Depths:1 | Found Zudita's Armour Emporium.
 53010 | Depths:1 | Found a sparkling altar of Nemelex Xobeh.
 53284 | Depths:1 | Noticed a lich
 56426 | Spider:4 | Noticed Arachne
 56620 | Spider:4 | Reached XP level 18. HP: 95/134 MP: 23/36
 56959 | Spider:4 | Killed Arachne
 58290 | Shoals:3 | Bought a scroll of enchant weapon for 135 gold pieces
 58290 | Shoals:3 | Bought a scroll of enchant weapon for 135 gold pieces
 59690 | Spider:4 | Reached skill level 22 in Hexes
 60539 | Spider:4 | Got a gossamer rune of Zot
 61022 | Slime:1  | Entered Level 1 of the Pits of Slime
 61629 | Elf:1    | Reached skill level 10 in Necromancy
 62173 | Elf:1    | Learned a level 6 spell: Death Channel
 62196 | Elf:1    | Reached skill level 15 in Dodging
 62447 | Elf:2    | Found Gokyriy Ynwe's Magic Scroll Emporium.
 62450 | Elf:2    | Bought a scroll of teleportation for 36 gold pieces
 62450 | Elf:2    | Bought a scroll of identify for 24 gold pieces
 62450 | Elf:2    | Bought a scroll of identify for 24 gold pieces
 62496 | Elf:2    | Noticed RepoMan's ghost (adept DgFE)
 62562 | Elf:2    | Killed RepoMan's ghost
 62978 | Elf:2    | HP: 1/134 [deep elf archer/arrow (26)]
 62978 | Elf:2    | Shot with an arrow by a deep elf archer

Skill      XL: |  1  2  3  4  5  6  7  8  9 10 11 12 13 14 15 16 17 18 |
---------------+-------------------------------------------------------+-----
Hexes          | 5 6 7 9 10 12 14 15 16 18 19 20 21 22 | 22.4
Short Blades   | 2 3 4 6 8 10 | 10.2
Stealth        | 5 6 7 8 10 | 10.9
Ice Magic      | 1 2 3 4 6 8 9 |  9.3
Spellcasting   | 3 4 5 6 8 9 10 11 12 14 | 14.5
Invocations    | 2 3 4 6 8 |  8.2
Fighting       | 1 6 7 9 10 | 10.0
Dodging        | 6 8 10 11 13 15 | 15.2
Necromancy     | 3 8 10 | 10.1

Action                   |  1- 3 |  4- 6 |  7- 9 | 10-12 | 13-15 | 16-18 || total
-------------------------+-------+-------+-------+-------+-------+-------++-------
Melee: Dagger            |   113 |   135 |   286 |   625 |   830 |       ||  1989
       Bite              |     6 |    12 |    22 |    57 |   174 |    80 ||   351
       Unarmed           |       |     1 |       |     1 |    22 |    16 ||    40
       Quick blade       |       |       |       |       |   575 |   991 ||  1566
 Cast: Corona            |     7 |     4 |    27 |    42 |   190 |    98 ||   368
       Ensorcelled Hiber |    16 |    38 |    63 |   142 |   345 |   451 ||  1055
       Confuse           |       |     1 |    16 |    40 |   238 |   260 ||   555
       Tukima's Dance    |       |       |     4 |    11 |    42 |    51 ||   108
       Darkness          |       |       |       |     1 |       |       ||     1
       Cause Fear        |       |       |       |       |     1 |     1 ||     2
       Animate Dead      |       |       |       |       |       |     2 ||     2
       Control Undead    |       |       |       |       |       |     1 ||     1
       Invisibility      |       |       |       |       |       |     3 ||     3
       Death Channel     |       |       |       |       |       |     1 ||     1
Invok: Shadow Step       |       |       |       |     3 |     7 |    14 ||    24
       Shadow Form       |       |       |       |       |       |     1 ||     1
 Abil: End Transformatio |       |     5 |       |     9 |    76 |    82 ||   172
       Bat Form          |       |     5 |       |     9 |    76 |    82 ||   172
  Use: Scroll            |     1 |       |     8 |    10 |    15 |    18 ||    52
       Potion            |       |     2 |       |     6 |    27 |    52 ||    87
 Stab: Sleeping          |    20 |    36 |    59 |   141 |   290 |   318 ||   864
       Confused          |       |     1 |    10 |    16 |   150 |    91 ||   268
       Distracted        |       |       |     2 |     1 |    11 |    14 ||    28
       Invisible         |       |       |       |       |       |     2 ||     2
  Eat: Corpse            |     3 |     7 |     9 |     7 |    16 |     3 ||    45
Armor: Robe              |    10 |    20 |     6 |       |       |       ||    36
       Leather armour    |       |       |    70 |    80 |   134 |    90 ||   374
Dodge: Dodged            |    66 |   107 |   152 |   369 |   885 |   770 ||  2349
